 Dungeon Crawl Stone Soup version 0.31-a0-345-g1ebeae05c6 (webtiles) character file.

Game seed: 7045400075114994647

45 LeprechaunX the Ruffian (level 3, -2/24 HPs)
             Began as an Octopode Shapeshifter on July 22, 2023.
             Slain by a goblin
             ... wielding a +1 dagger of distortion
              (21 damage)
             ... on level 2 of the Dungeon.
             The game lasted 00:00:45 (776 turns).

LeprechaunX the Ruffian (Octopode Shapeshifter)      Turns: 776, Time: 00:00:46

Health: -2/24      AC:  1    Str: 16    XL:     3   Next: 64%
Magic:  3/3        EV: 13    Int: 10    God:
Gold:   101        SH:  0    Dex: 12    Spells: 2/2 levels left

rFire   . .          .
                       - Unarmed
rCold   . . .        (no shield)
rNeg    . . .        (helmet currently unavailable)
rPois   .            (no amulet)
rElec   .            (no ring)
rCorr   .            (no ring)
SInv    .            (no ring)
Will    .....        (no ring)
Stlth   ++           (no ring)
HPRegen 0.24/turn    (no ring)
MPRegen 0.08/turn    (no ring)
                     (no ring)

%: no passive effects
@: beast-form
A: beast (slay +2), almost no armour, amphibious, 8 rings, camouflage 1,
gelatinous body 1, (nimble swimmer 1), tentacles
a: Begin Untransformation


You were on level 2 of the Dungeon.
You were a hulking beast.
You visited 1 branch of the dungeon, and saw 2 of its levels.

You collected 101 gold pieces.

Inventory:

Talismans
 b - a beast talisman
Scrolls
 c - a scroll of blinking {unknown}
 d - a scroll of fog {unknown}
Potions
 a - a potion of lignification
 e - a potion of curing {unknown}


   Skills:
 + Level 1.6 Fighting
 + Level 2.4 Dodging
 * Level 3.6 Unarmed Combat
 + Level 3.2 Shapeshifting


You had 2 spell levels left.
You didn't know any spells.
Your spell library was empty.

Dungeon Overview and Level Annotations

Branches:
Dungeon (2/15)

Altars:


Innate Abilities, Weirdness & Mutations

You are a hulking beast.
Your limbs bulge with bestial killing power. (Slay +2)
You cannot wear most types of armour.
You are amphibious.
You can wear up to eight rings at the same time.
Your skin changes colour to match your surroundings (Stealth+).
Your rubbery body absorbs attacks. (AC +1, EV +1)
((You are camouflaged when in or above water. (Stealth+)))
You have tentacles for arms and can constrict up to eight enemies at once.


Message History

You bludgeon the worm!
Your tentacle-slap misses the worm.
The worm is almost dead.
You constrict the worm. The worm bites you!
You tentacle-slap the worm.
You kill the worm!
No target in view!
No target in view!
No target in view!
No target in view!
No target in view!
No target in view!
No target in view!
No target in view!
No target in view!
No target in view!
No target in view!
No target in view!
No target in view!
No target in view!
You now have 101 gold pieces (gained 4).
Found a stone staircase leading down.
A hobgoblin and a goblin come into view.
The goblin is wielding a +1 dagger of distortion.
The goblin shouts!
The hobgoblin shouts!
The goblin misses you.
You tentacle-slap the hobgoblin but do no damage.
You grab the hobgoblin. You constrict the hobgoblin.
The goblin closely misses you.
The hobgoblin hits you but does no damage.
You tentacle-slap the hobgoblin but do no damage.
You squeeze the hobgoblin.
The hobgoblin is moderately wounded.
You constrict the hobgoblin. The goblin misses you. The hobgoblin hits you.
You tentacle-slap the hobgoblin.
You kill the hobgoblin!
The goblin hits you with a +1 dagger of distortion.
Space warps horribly around you!!
Ouch! That really hurt!
You die...

#.......#.###.#
#.......#..##.#
############..##.#
..............##.##
..............##..#
..............###.#
#.......[......#.##
#.................#
#....gh....###.#..#
.........####
#.#..# .#########
#...># ######


You could see a goblin.

Vanquished Creatures
  An adder (D:2)
  2 worms (D:2)
  4 endoplasms (D:1)
  3 giant cockroaches (D:1)
  4 goblins
  2 hobgoblins
  4 quokkas (D:1)
  A ball python (D:1)
  5 bats
  A frilled lizard (D:2)
  A kobold (D:1)
  2 rats (D:1)
30 creatures vanquished.

Notes
Turn   | Place    | Note
-------+----------+-------------------------------------------
     0 | D:1      | LeprechaunX the Octopode Shapeshifter began the quest for
                  | the Orb.
     0 | D:1      | Reached XP level 1. HP: 13/13 MP: 1/1
    53 | D:1      | Reached XP level 2. HP: 18/18 MP: 2/2
   335 | D:1      | Reached XP level 3. HP: 20/23 MP: 3/3
   776 | D:2      | Slain by a goblin

Illustrated notes

Levels and vault maps discovered:
D:1:      kennysheep_arrival_seaside, layout_rooms
D:2:      layout_basic, minmay_misc_feat_encased, uniq_jessica

Action                     || total
---------------------------++-------
  Melee: Unarmed           ||    55
         Constrict         ||    15
         Tentacles         ||     7
         Punch             ||     2
   Stab: Sleeping          ||     5
 Armour: Skin              ||     2
  Dodge: Dodged            ||    28

Table legend: (Time is in decaauts)
 A = Elapsed time spent in this place.
 B = Non-inter-level travel time spent in this place.
 C = Inter-level travel time spent in this place.
 D = Time resting spent in this place.
 E = Time spent auto-exploring this place.
 F = Levels seen in this place.
 G = Mean time per level.
                   A        B        C        D        E       F      G
               +--------+--------+--------+--------+--------+-----+--------+
         Total |    772 |    751 |     21 |      0 |    603 |   2 |  386.0 |
       Dungeon |    772 |    751 |     21 |      0 |    603 |   2 |  386.0 |
               +--------+--------+--------+--------+--------+-----+--------+

Top non-repeatable levels by time:
     D:1: 540 daAuts
     D:2: 231 daAuts
